 Dungeon Crawl Stone Soup version 0.22-a0-538-g76cc104 (webtiles) character file.

3250 jamsan the Fighter (level 9, -3/85 HPs)
             Began as a Minotaur Fighter on June 23, 2018.
             Was a Follower of Makhleb.
             Slain by a hog (13 damage)
             ... on level 8 of the Dungeon.
             The game lasted 00:14:34 (9038 turns).

jamsan the Fighter (Minotaur Fighter)               Turns: 9038, Time: 00:14:35

Health: -3/85      AC:  8    Str: 25      XL:     9   Next: 67%
Magic:  8/8        EV: 10    Int:  3 (5)  God:    Makhleb [*.....]
Gold:   548        SH: 10    Dex:  9      Spells: 8/8 levels left

rFire    . . .     SeeInvis .   a - +0 war axe
rCold    . . .     Gourm    .   c - +0 shield
rNeg     . . .     Faith    .   t - +1 leather armour {rPois}
rPois    +         Spirit   .   (helmet restricted)
rElec    .         Reflect  .   (no cloak)
rCorr    .         Harm     .   (no gloves)
MR       .....                  (no boots)
Stlth    +.........             i - amulet of rage
HPRegen  0.24/turn              k - +3 ring of protection
MPRegen  0.11/turn              (no ring)

@: hasted, very quick
A: retaliatory headbutt, horns 2
a: Renounce Religion, Evoke Berserk Rage


You were on level 8 of the Dungeon.
You worshipped Makhleb.
Makhleb was aware of your devotion.
You were not hungry.

You visited 2 branches of the dungeon, and saw 9 of its levels.

You collected 548 gold pieces.

Inventory:

Hand Weapons
 a - a +0 war axe (weapon)
 h - a +0 flail
Missiles
 C - 88 sling bullets
Armour
 b - a +0 scale mail
 c - a +0 shield (worn)
 o - a +0 leather armour of cold resistance
 t - a +1 leather armour of poison resistance (worn)
Jewellery
 i - an amulet of rage (around neck)
 k - a +3 ring of protection (left hand)
Wands
 w - a wand of clouds (5)
 z - a wand of polymorph (14)
 A - a wand of digging (20)
 B - a wand of iceblast (9)
Scrolls
 e - 6 scrolls of teleportation {unknown}
 g - 4 scrolls of amnesia {unknown}
 j - 7 scrolls of identify
 m - 2 scrolls of fear {unknown}
 n - 5 scrolls of blinking {unknown}
 r - a scroll of fog {unknown}
 s - a scroll of remove curse {unknown}
 u - 3 scrolls of noise {unknown}
 x - 2 scrolls of immolation {unknown}
 y - a scroll of magic mapping {unknown}
Potions
 d - a potion of experience {unknown}
 l - a potion of mutation {unknown}
 p - a potion of agility {unknown}
 q - 3 potions of curing
 v - a potion of degeneration
Comestibles
 f - 3 rations


   Skills:
 + Level 9.7 Fighting
 + Level 9.4 Axes
 + Level 9.7 Armour
 - Level 3.0 Dodging
 - Level 4.8 Shields


You had 8 spell levels left.
You didn't know any spells.
Your spell library was empty.

Dungeon Overview and Level Annotations

Branches:
Dungeon (8/15)             Temple (1/1) D:5
   Lair: D:8-11

Altars:
Ashenzari
Cheibriados
Dithmenos
Elyvilon
Fedhas
Gozag
Hepliaklqana
Kikubaaqudgha
Makhleb
Nemelex Xobeh
Okawaru
Qazlal
Ru
Sif Muna
Trog
Uskayaw
Vehumet
Wu Jian
Xom
Yredelemnul
Zin
The Shining One

Shops:
D:5 [(}


Innate Abilities, Weirdness & Mutations

You reflexively headbutt those who attack you in melee.
You have a pair of horns on your head.


Message History

* * * LOW HITPOINT WARNING * * *
Okay, then.
You feel yourself speed up. The hog bites you.
* * * LOW HITPOINT WARNING * * *
The hog bites you.
* * * LOW HITPOINT WARNING * * *
Okay, then.
Okay, then.
It was a potion of curing.
You feel better.
You hit the hog. You headbutt the hog!
The hog is moderately wounded.
The hog bites you but does no damage.
You hit the hog but do no damage.
The hog is moderately wounded.
You slash the hog! The hog barely misses you. The hog bites you.
* * * LOW HITPOINT WARNING * * *
You slash the hog!
The hog is heavily wounded.
You closely miss the hog. You block the hog's attack. The hog bites you!
You die...

#%%#..#
#%.#..#
#?.'..#
#..#..#
#.)#..# ##'##
#...# ##hh#
##@# #.## #..#
##.# #.## #..#
#######.###
.#.....#...#
..........##.#


You could see 2 hogs.

Vanquished Creatures
  Joseph (D:7)
  2 hogs (D:8)
  A human (D:8)
  Menkaure (D:7)
  A black bear (D:7)
  An ice beast (D:6)
  A hornet zombie (D:7)
  An orc warrior (D:7)
  6 ogres
  A centaur (D:6)
  Blork the orc (D:5)
  A big kobold (D:8)
  2 bullfrogs
  A water moccasin skeleton (D:4)
  A scorpion (D:5)
  2 bullfrog zombies
  A centaur zombie (D:5)
  A crimson imp (D:5)
  A gnoll shaman (D:4)
  A jelly (D:7)
  A centaur skeleton (D:6)
  2 orc priests
  3 bullfrog skeletons
  Natasha (thrice) (D:2)
  5 worker ants
  10 orc wizards
  A hound skeleton (D:7)
  11 gnolls
  A howler monkey skeleton (D:8)
  4 adders
  3 adder skeletons
  3 dart slugs
  A leopard gecko (D:3)
  20 orcs
  8 giant cockroaches
  6 goblins
  6 hobgoblins
  5 quokkas
  2 ball pythons
  4 bats
  6 frilled lizards
  A jackal skeleton (D:7)
  8 kobolds
  A quokka skeleton (D:4)
  14 rats
157 creatures vanquished.

Notes
Turn   | Place    | Note
-------+----------+-------------------------------------------
     0 | D:1      | jamsan the Minotaur Fighter began the quest for the Orb.
     0 | D:1      | Reached XP level 1. HP: 19/19 MP: 0/0
    67 | D:1      | Reached XP level 2. HP: 26/27 MP: 1/1
   865 | D:2      | Reached XP level 3. HP: 33/33 MP: 2/2
  1344 | D:2      | Noticed Natasha
  1355 | D:2      | Killed Natasha
  1355 | D:2      | Reached XP level 4. HP: 14/41 MP: 3/3
  1633 | D:2      | Noticed Natasha
  1636 | D:2      | Killed Natasha
  1668 | D:2      | Found a deep blue altar of Sif Muna.
  1831 | D:2      | Noticed Natasha
  1840 | D:2      | Killed Natasha
  2094 | D:3      | Reached XP level 5. HP: 40/47 MP: 4/4
  2985 | D:4      | Reached skill level 5 in Fighting
  2985 | D:4      | Reached skill level 5 in Armour
  2996 | D:4      | Reached XP level 6. HP: 17/56 MP: 5/5
  3786 | D:4      | Reached skill level 5 in Axes
  4066 | D:4      | Found a sacrificial altar of Ru.
  4083 | D:4      | Reached XP level 7. HP: 61/63 MP: 6/6
  4581 | D:5      | Entered Level 5 of the Dungeon
  4641 | D:5      | Found a staircase to the Ecumenical Temple.
  4719 | Temple   | Entered the Ecumenical Temple
  4823 | Temple   | Became a worshipper of Makhleb the Destroyer
  5021 | D:5      | Noticed Blork the orc
  5033 | D:5      | Killed Blork the orc
  5434 | D:5      | Found Odut's Antique Weapon Boutique.
  5606 | D:5      | Found Ymomoaq's Gadget Boutique.
  5672 | D:5      | Found Getzom's Antique Armour Emporium.
  5894 | D:6      | Reached XP level 8. HP: 73/73 MP: 7/7
  6116 | D:5      | Reached skill level 1 in Dodging
  6928 | D:7      | Reached * piety under Makhleb
  7244 | D:7      | Reached XP level 9. HP: 82/82 MP: 8/8
  7290 | D:7      | Noticed Menkaure
  7297 | D:7      | Killed Menkaure
  8309 | D:7      | Found a deep blue altar of Sif Muna.
  8389 | D:7      | Noticed Joseph
  8434 | D:7      | Killed Joseph
  9031 | D:8      | HP: 4/85 [hog (6)]
  9038 | D:8      | Slain by a hog

Vault maps used:
D:1:      kennysheep_arrival_forest, serial_forest, infiniplex_forest_end_1,
          infiniplex_forest_end_2, infiniplex_forest_corner_1,
          infiniplex_forest_end_3, infiniplex_forest_lined_2,
          infiniplex_forest_clump_double, infiniplex_forest_clump_long,
          infiniplex_forest_clump_small
D:2:      led_sif_pool, uniq_natasha
D:3:      kennysheep_crisscross
D:4:      hangedman_ru_absence, roderic_roman_lattice
D:5:      minmay_temple_entry_statues_pillars, first_ration, serial_shops,
          nicolae_shop_trees, nicolae_shop_waterfront,
          nicolae_shop_behind_doors, kennysheep_dice, uniq_blork_the_orc
D:7:      kennysheep_orc_sif_temple, uniq_joseph, uniq_menkaure
D:8:      enter_bailey_2, grunt_livestock, fedhas_altar_3
Temple:   kilobyte_greek_temple

Skill      XL: |  1  2  3  4  5  6  7  8  9 |
---------------+----------------------------+-----
Fighting       | 4 5 6 7 8 9 |  9.7
Axes           | 3 4 5 6 8 9 |  9.4
Armour         | 4 5 6 7 8 9 |  9.7
Shields        | 4 |  4.8
Dodging        | 3 |  3.0

Action                   |  1- 3 |  4- 6 |  7- 9 || total
-------------------------+-------+-------+-------++-------
Melee: War axe           |    80 |   113 |   293 ||   486
       Headbutt          |     5 |    22 |    49 ||    76
Evoke: Wand              |       |       |     1 ||     1
  Use: Potion            |     1 |       |     5 ||     6
       Scroll            |       |     1 |       ||     1
  Eat: Chunk             |     1 |     5 |     8 ||    14
       Ration            |       |     2 |     2 ||     4
Armor: Scale mail        |    26 |    51 |   124 ||   201
       Leather armour    |       |       |     7 ||     7
Dodge: Dodged            |    20 |    32 |    72 ||   124
Block: Shield            |    32 |    80 |   121 ||   233

Table legend:
 A = Spawn XP
 B = Non-spawn XP
 C = Spawn XP percentage of total XP
 D = Spawn monster count
 E = Non-spawn monster count
 F = Spawn count percentage of total count
 G = Total turns spent on level
                    A         B        C        D         E        F      G
               +---------+---------+-------+---------+---------+-------+---------
         Total |       0 |    4643 |   0.0 |       0 |     157 |   0.0 |  9038
               +---------+---------+-------+---------+---------+-------+---------
           D:1 |       0 |      34 |   0.0 |       0 |      20 |   0.0 |   820
           D:2 |       0 |     159 |   0.0 |       0 |      17 |   0.0 |  1241
           D:3 |       0 |     101 |   0.0 |       0 |      23 |   0.0 |   914
           D:4 |       0 |     642 |   0.0 |       0 |      20 |   0.0 |  1606
           D:5 |       0 |     535 |   0.0 |       0 |      19 |   0.0 |  1293
           D:6 |       0 |     642 |   0.0 |       0 |      13 |   0.0 |   896
           D:7 |       0 |    1816 |   0.0 |       0 |      38 |   0.0 |  2045
           D:8 |       0 |     714 |   0.0 |       0 |       7 |   0.0 |    82
               +---------+---------+-------+---------+---------+-------+---------
